 Dungeon Crawl Stone Soup version 0.25-a0-35-g747a2b3c0c (webtiles) character file.

Game seed: 5899600648788746048, levelgen mode: classic

138186 MisterOstroum the Blocker (level 16, -5/162 HPs)
             Began as a Troll Gladiator on May 24, 2019.
             Was a High Priest of Okawaru.
             Killed from afar by a shock serpent (19 damage)
             ... with a bolt of electricity
             ... on level 2 of the Snake Pit on Dec 29, 2019.
             The game lasted 02:00:18 (29856 turns).

MisterOstroum the Blocker (Troll Gladiator)        Turns: 29856, Time: 02:00:18

Health: -5/162     AC: 19    Str: 31    XL:     16   Next: 70%
Magic:  19/31      EV: 17    Int:  4    God:    Okawaru [*****.]
Gold:   979        SH: 21    Dex: 13    Spells: 4/20 levels left

rFire    . . .     SeeInvis .   a - +4 fustibalus of Uxaiserch {flame, +Blink rPois rC+ MP+9}
rCold    + . .     Gourm    +   u - +0 large shield {AC+3}
rNeg     . . .     Faith    .   E - +2 acid dragon scales
rPois    +         Spirit   .   z - +2 hat {MR+}
rElec    .         Reflect  .   C - +0 cloak {MR+}
rCorr    +         Harm     .   (gloves unavailable)
MR       +++..                  (boots unavailable)
Stlth    +.........             Q - amulet of the acrobat
HPRegen  0.77/turn              I - +2 ring of dexterity
MPRegen  0.22/turn              v - +5 ring of evasion

@: very slightly contaminated
A: large, unfitting armour, claws 3, fast metabolism 3, gourmand, regeneration
1, shaggy fur 1, tough skin 3
a: Heroism, Finesse, Renounce Religion, Evoke Blink


You were on level 2 of the Snake Pit.
You worshipped Okawaru.
Okawaru was extremely pleased with you.
You were not hungry.

You visited 4 branches of the dungeon, and saw 26 of its levels.
You also visited: Bailey, Gauntlet and Ice Cave.

You collected 2517 gold pieces.
You spent 1538 gold pieces at shops.

Inventory:

Hand Weapons
 a - the +4 fustibalus of Uxaiserch (weapon) {flame, +Blink rPois rC+ MP+9}
   (Okawaru gifted it to you on level 12 of the Dungeon)

   It causes projectiles fired from it to burn those they strike, causing extra
   injury to most foes and up to half again as much damage against particularly
   susceptible opponents.
   It protects you from cold.
   It protects you from poison.
   It affects your magic capacity (+9).
   It lets you blink.
 c - a +6 fustibalus of venom
Missiles
 b - 28 javelins
 j - 517 stones
 D - 2 curare-tipped darts
 F - 18 sling bullets (quivered)
 P - 12 large rocks
 S - 15 boomerangs
 U - 3 throwing nets {!f}
Armour
 u - a +0 large shield of protection (worn)
 z - a +2 hat of magic resistance (worn)
 B - a +0 hat of intelligence
 C - a +0 cloak of magic resistance (worn)
 E - +2 acid dragon scales (worn)
 H - the +0 cloak of Lesser Demons {rN++}
   (Okawaru gifted it to you on level 10 of the Dungeon)

   It greatly protects you from negative energy.
Jewellery
 m - an uncursed ring of ice
 v - a +5 ring of evasion (right claw)
 I - a +2 ring of dexterity (left claw)
 Q - an amulet of the acrobat (around neck)
Wands
 n - a wand of iceblast (45)
 o - a wand of paralysis (12)
 q - a wand of clouds (2)
 t - a wand of polymorph (19)
 J - a wand of scattershot (1)
 O - a wand of enslavement (5)
 R - a wand of acid (24)
 V - a wand of disintegration (7)
 Z - a wand of flame (13)
Scrolls
 f - 10 scrolls of remove curse {@r2}
 g - a scroll of fear {!r}
 h - 6 scrolls of teleportation {@r3 !r}
 i - 6 scrolls of immolation
 k - 6 scrolls of fog {!r}
 l - a scroll of amnesia
 M - a scroll of noise {unknown}
 T - a scroll of vulnerability {unknown}
Potions
 d - a potion of resistance
 p - 4 potions of agility
 r - 2 potions of mutation
 s - 6 potions of brilliance
 w - 15 potions of curing {@q1 !q}
 x - 4 potions of flight
 A - 3 potions of might {unknown}
 G - a potion of ambrosia
 K - 4 potions of invisibility
 L - a potion of magic {unknown}
 W - a potion of lignification {unknown}
Miscellaneous
 y - 2 phantom mirrors
 N - a crystal ball of energy
Comestibles
 e - 29 rations


   Skills:
 + Level 11.1 Fighting
 + Level 6.0(7.3) Slings
 * Level 8.2(9.6) Throwing
 - Level 5.7 Armour
 - Level 6.2 Dodging
 + Level 13.8 Shields
 - Level 10.3 Unarmed Combat
 - Level 2.6 Spellcasting
 - Level 4.0 Charms
 - Level 5.1 Necromancy
 - Level 0.5 Translocations
 - Level 9.7 Invocations
 - Level 6.9 Evocations


You had 4 spell levels left.
You knew the following spells:

 Your Spells              Type           Power        Failure   Level  Hunger
a - Apportation           Tloc           #.....       45%         1    ##.....
b - Petrify               Tmut/Erth      #.......     99%         4    #####..
c - Shroud of Golubria    Chrm/Tloc      #.....       36%         2    ###....
F - Ice Form              Ice/Tmut       #.......     99%         4    #####..
H - Regeneration          Chrm/Necr      #.........   28%         3    ####...
S - Song of Slaying       Chrm           #.......     19%         2    ###....

Your spell library contained the following spells:

 Spells                   Type           Power        Failure   Level  Hunger
 Infusion                 Chrm           #...         12%         1    ##.....
 Confusing Touch          Hex            #.....       54%         1    ##.....
 Flame Tongue             Conj/Fire      #....        54%         1    ##.....
 Freeze                   Ice            #...         54%         1    ##.....
 Summon Butterflies       Summ           #.......     54%         1    ##.....
 Summon Small Mammal      Summ           #...         54%         1    ##.....
 Ozocubu's Armour         Chrm/Ice       #.......     63%         3    ####...
 Spectral Weapon          Hex/Chrm       #.......     63%         3    ####...
 Call Imp                 Summ           #.......     67%         2    ###....
 Throw Flame              Conj/Fire      #.....       67%         2    ###....
 Throw Frost              Conj/Ice       #.....       67%         2    ###....
 Gell's Gravitas          Tloc           #.........   83%         3    ####...
 Lesser Beckoning         Tloc           #.........   83%         3    ####...
 Call Canine Familiar     Summ           #.......     88%         3    ####...
 Confuse                  Hex            #.......     88%         3    ####...
 Conjure Flame            Conj/Fire      #.......     88%         3    ####...
 Inner Flame              Hex/Fire       #.......     88%         3    ####...
 Summon Guardian Golem    Hex/Summ       #.......     88%         3    ####...
 Tukima's Dance           Hex            #.......     88%         3    ####...
 Cause Fear               Hex            #.........   99%         4    #####..
 Sticky Flame             Conj/Fire      #.......     99%         4    #####..
 Summon Ice Beast         Ice/Summ       #.......     99%         4    #####..
 Summon Lightning Spire   Summ/Air       #.......     99%         4    #####..
 Throw Icicle             Conj/Ice       #.......     99%         4    #####..
 Alistair's Intoxication  Tmut/Pois      #.......     100%        5    ######.
 Fireball                 Conj/Fire      #.........   100%        5    ######.
 Metabolic Englaciation   Hex/Ice        #.........   100%        5    ######.
 Yara's Violent Unravell  Hex/Tmut       #.........   100%        5    ######.
 Bolt of Cold             Conj/Ice       #.........   100%        6    #######
 Bolt of Fire             Conj/Fire      #.........   100%        6    #######
 Freezing Cloud           Conj/Ice/Air   #.........   100%        6    #######
 Invisibility             Hex            #.......     100%        6    #######
 Ozocubu's Refrigeration  Ice            #.........   100%        6    #######
 Simulacrum               Ice/Necr       #.........   100%        6    #######
 Dragon Form              Tmut           #.........   100%        7    #######
 Dragon's Call            Summ           #.........   100%        9    #######


Dungeon Overview and Level Annotations

Branches:
Dungeon (15/15)            Temple (0/1) D:7            Lair (6/6) D:9
 Shoals (0/4) Lair:4        Snake (3/4) Lair:3        Slime (0/5) Lair:5
    Orc (2/2) D:10            Elf (0/3) Orc:2        Vaults (0/5) D:14
 Depths (0/5) D:15         Bailey (visited)           IceCv (visited)
Gauntlet (visited)

Altars:
Ashenzari
Cheibriados
Dithmenos
Fedhas
Kikubaaqudgha
Makhleb
Okawaru
Qazlal
Trog
Uskayaw
Wu Jian
Yredelemnul
Zin
The Shining One
Beogh
Jiyva

Shops:
D:14 (   Orc:2 [%?*   Snake:1 }

Portals:
Trove: D:12 (give 2 scrolls of acquirement)

Annotations:
D:13 1 runed translucent door, MisterOstroum's ghost, journeyman TrGl


Innate Abilities, Weirdness & Mutations

You are too large for most types of armour.
You have claws for hands.
Your metabolism is lightning-fast.
You like to eat raw meat.
Your natural rate of healing is unusually fast.
You are covered in fur. (AC +1)
You have extremely tough skin. (AC +3)


Message History

You feel sick.
You are no longer poisoned.
The salamander hits you with a +0 halberd!
You are engulfed in flames!
You mangle the salamander!!
You kill the salamander!
Okawaru accepts your kill.
Casting: Regeneration (safe; 28% risk of failure)
Confirm with . or Enter, or press ? or * to list all spells.
You miscast Regeneration.
Your claws glow shining rubric for a moment.
A naga mage comes into view.
It is wielding a +3 halberd of protection.
A shock serpent comes into view.
The naga mage shouts!
The shock serpent hisses angrily.
You hear a shout!
You scratch the nagaraja.
The nagaraja is lightly wounded.
You block the nagaraja's attack. The nagaraja grabs you.
The nagaraja constricts you.
Evoke which item? (* to show all) (? for menu, Esc to quit)
Aiming: Enslavement
Press: ? - help, Shift-Dir - straight line, f - shock serpent
Aim: a shock serpent (chance to defeat MR: 50%)
Okay, then.
Unknown command.
The nagaraja's grasp on you weakens, but your attempt to escape fails.
The nagaraja spits poison at you. The splash of poison misses you.
The nagaraja constricts you.
You escape the nagaraja's grasp.
A naga comes into view. It is wielding a +0 short sword.
The naga shouts!
Evoke which item? (* to show all) (? for menu, Esc to quit)
Aiming: Enslavement
Press: ? - help, Shift-Dir - straight line, f - shock serpent
Aim: a shock serpent (chance to defeat MR: 50%)
The shock serpent resists with some effort.
The shock serpent shoots out a bolt of lightning at you!
The bolt of electricity hits you! The bolt of electricity hits you!!
The bolt of electricity hits the shock serpent.
The shock serpent completely resists.
The bolt of electricity hits the naga mage!!
A salamander comes into view.
Evoke which item? (* to show all) (? for menu, Esc to quit)
Aiming: Enslavement
Press: ? - help, Shift-Dir - straight line, f/p - shock serpent
Aim: a shock serpent (chance to defeat MR: 50%)
The shock serpent resists with some effort.
The shock serpent shoots out a bolt of lightning at you!
The bolt of electricity hits you!! The bolt of electricity hits you!
* * * LOW HITPOINT WARNING * * *
The bolt of electricity hits the shock serpent.
The shock serpent completely resists.
The bolt of electricity hits the naga mage!
You block the nagaraja's attack. The nagaraja grabs you.
The nagaraja constricts you.
The nagaraja's grasp on you weakens, but your attempt to escape fails.
The shock serpent shoots out a bolt of lightning at you!
The bolt of electricity hits you!
* * * LOW HITPOINT WARNING * * *
The bolt of electricity hits you!
* * * LOW HITPOINT WARNING * * *
The bolt of electricity hits the shock serpent.
The shock serpent completely resists.
The bolt of electricity hits the naga mage!!
The naga mage dies!
The nagaraja spits poison at you. You block the splash of poison.
* * * LOW HITPOINT WARNING * * *
The nagaraja constricts you. The shock serpent closely misses you.
You escape the nagaraja's grasp.
Really quaff
X - 2 potions of heal wounds {@q2 !q}?
You feel much better.
The shock serpent shoots out a bolt of lightning at you!
The bolt of electricity hits you!!
* * * LOW HITPOINT WARNING * * *
The shock serpent shoots out a bolt of lightning at you!
The bolt of electricity hits you!!
* * * LOW HITPOINT WARNING * * *
Really quaff
X - a potion of heal wounds {@q2 !q}?
You feel much better. The shock serpent misses you.
The shock serpent bites you!
* * * LOW HITPOINT WARNING * * *
The shock serpent shocks you!
* * * LOW HITPOINT WARNING * * *
There is a stone staircase leading up here.
The shock serpent misses you. x2
You climb upwards.
There is a stone staircase leading down here.
Okay, then.
Unknown command.
The +4 fustibalus of Uxaiserch {flame, +Blink rPois rC+ MP+9} bursts into flame!
a - the +4 fustibalus of Uxaiserch (weapon)
{flame, +Blink rPois rC+ MP+9} You block the shock serpent's attack.
You blink.
You feel slightly more hungry.
The shock serpent shoots out a bolt of lightning at you!
The bolt of electricity misses you. The bolt of electricity hits you!
* * * LOW HITPOINT WARNING * * *
You blink.
You feel slightly more hungry.
The shock serpent shoots out a bolt of lightning at you!
The bolt of electricity hits you!!
You die...

#......## #.###....<.###...#
###.....)## #...#.[.#......#.####
..........# #.........######....#
...###....###........## ##....#
...###...S.ยง.###.....## #.....#
....##..>#........>#..#####......
..).##...#..........#..#.........
#...###.............##.#...##....
........#..###..@...##.....##...#
#########....####...#......###.##
# ###.....# #...#.......##...
#.......# #...#.....#......
#.....### #######...###.<..
#....## ##### ##... ##....# ####
####..#### #....##


You could see a shock serpent.

Vanquished Creatures
  Nikola (Snake:1)
  Frances (D:14)
  Gastronok (Lair:2)
  Donald (Snake:1)
  A fire giant (D:15)
  3 nagarajas (Snake:2)
  An ironheart preserver (D:14)
  Azrael (Orc:2)
  A minotaur (Gauntlet)
  A dire elephant (Lair:6)
  Josephine (D:10)
  9 hydras
  A rakshasa (D:15)
  10 naga warriors
  2 catoblepae
  5 centaur warriors
  A death knight (D:15)
  3 anacondas
  A tengu warrior (D:14)
  2 two-headed ogres
  A deep troll shaman (Lair:6)
  10 death yaks
  A shock serpent (Snake:2)
  5 naga sharpshooters
  A salamander mystic (Snake:2)
  2 unseen horrors
  2 naga ritualists
  3 orc knights
  7 mana vipers
  2 necromancers
  10 orc sorcerers
  12 salamanders
  4 deep elf magi
  2 cyclopes
  2 manticores
  17 ugly things
  3 elephants (Lair:6)
  15 black mambas
  An ice statue (IceCv)
  4 guardian serpents
  5 centaur zombies
  3 gargoyles (D:13)
  6 naga magi
  5 spiny frogs
  2 rime drakes
  11 komodo dragons
  A kobold demonologist (D:15)
  12 freezing wraiths
  An efreet (D:15)
  2 tengu conjurers
  4 guardian mummies (D:14)
  2 ice devils (D:15)
  A polar bear (Lair:6)
  8 trolls
  2 hornets
  8 hippogriffs
  Prince Ribbit (D:9)
  18 blink frogs
  2 raiju (Gauntlet)
  3 shadows
  A meliai zombie (D:12)
  6 wraiths
  A vampire (D:10)
  3 wyverns
  32 yaks
  2 basilisks
  4 fire elementals (Orc:2)
  A golden eye (shapeshifter) (D:13)
  2 hungry ghosts
  Grum (D:8)
  8 vampire mosquitoes
  11 wargs
  Menkaure (D:7)
  2 acid dragons
  23 nagas
  18 water moccasins
  2 swamp worms (Gauntlet)
  2 hell hounds (Orc:2)
  2 soldier ants
  2 porcupines
  A hornet zombie (D:13)
  13 ice beasts
  38 orc warriors
  11 ogres
  2 black bears
  2 phantoms
  5 sky beasts
  14 wolves
  5 crocodiles
  15 centaurs
  4 big kobolds
  15 bullfrogs
  6 scorpions
  6 killer bees (D:10)
  An elephant simulacrum (IceCv)
  6 electric eels
  6 howler monkeys
  10 wights
  8 crimson imps
  5 draconian simulacra (IceCv)
  4 jellies
  3 bullfrog zombies
  A quasit (D:9)
  7 hounds
  23 orc priests
  2 bullfrog skeletons
  6 centaur skeletons
  Jessica (D:2)
  2 iguanas
  Ijyb (D:4)
  Terence (D:3)
  14 worker ants
  50 orc wizards
  2 lightning spires (Gauntlet)
  7 troll simulacra (IceCv)
  3 wolf simulacra (IceCv)
  3 centaur simulacra (IceCv)
  A hound skeleton (D:10)
  4 mummies (D:14)
  Robin (D:4)
  A worker ant zombie (D:5)
  9 gnolls
  A howler monkey skeleton (D:9)
  3 naga simulacra (IceCv)
  16 adders
  2 ogre simulacra (IceCv)
  2 shadow imps
  12 white imps (IceCv)
  An ooze (D:3)
  3 adder skeletons (D:4)
  5 worms
  3 leopard geckos
  138 orcs
  6 ball pythons
  5 bats
  3 giant cockroaches
  11 goblins
  8 hobgoblins
  9 jackals
  21 kobolds
  5 quokkas
  5 frilled lizards
  2 gnoll zombies (D:2)
  A quokka skeleton (D:4)
  7 rats
  2 fungi
  2 plants
964 creatures vanquished.

Vanquished Creatures (collateral kills)
  An iguana (D:4)
  A gnoll (D:2)
  5 goblins (D:4)
  A hobgoblin (D:4)
  A quokka (D:2)
  A rat (D:2)
10 creatures vanquished.

Vanquished Creatures (others)
  A naga mage (Snake:3)
  A crimson imp (D:12)
  An adder (D:2)
  2 gnolls (D:2)
  An orc (Orc:2)
  2 fungi
  26 plants
34 creatures vanquished.

Grand Total: 1008 creatures vanquished

Notes
Turn   | Place    | Note
-------+----------+-------------------------------------------
     0 | D:1      | MisterOstroum the Troll Gladiator began the quest for the
                  | Orb.
     0 | D:1      | Reached XP level 1. HP: 19/19 MP: 0/0
   310 | D:1      | Reached XP level 2. HP: 28/28 MP: 1/1
   608 | D:2      | Noticed a +0 hand axe
   608 | D:2      | Noticed a -2 dagger
   636 | D:2      | Found a hide-covered altar of Uskayaw.
   755 | D:2      | Reached XP level 3. HP: 35/35 MP: 2/2
   780 | D:2      | Noticed Jessica
   788 | D:2      | Killed Jessica
   911 | D:2      | Found a glowing golden altar of the Shining One.
  1119 | D:2      | Reached XP level 4. HP: 41/44 MP: 3/3
  1398 | D:2      | Found a basalt altar of Yredelemnul.
  1505 | D:3      | Found a shattered altar of Ashenzari.
  1535 | D:3      | Noticed Terence
  1548 | D:3      | Killed Terence
  1782 | D:3      | Reached XP level 5. HP: 53/53 MP: 4/4
  1809 | D:3      | Found an iron altar of Okawaru.
  1820 | D:3      | Became a worshipper of Warmaster Okawaru
  1873 | D:3      | Found a snail-covered altar of Cheibriados.
  2305 | D:4      | Noticed Ijyb
  2313 | D:4      | Reached skill level 5 in Unarmed Combat
  2324 | D:4      | Noticed Robin
  2335 | D:4      | Killed Robin
  2337 | D:4      | Killed Ijyb
  2337 | D:4      | Reached XP level 6. HP: 60/62 MP: 5/5
  2445 | D:4      | HP: 1/62 [iguana (11)]
  2451 | D:4      | HP: 1/62 [hound (3)]
  2805 | D:4      | Found a stormy altar of Qazlal.
  2847 | D:4      | Found a blossoming altar of Fedhas.
  2848 | D:4      | Found an ancient bone altar of Kikubaaqudgha.
  2902 | D:4      | Found a burning altar of Makhleb.
  2902 | D:4      | Noticed a blizzard demon
  2944 | D:5      | Entered Level 5 of the Dungeon
  2960 | D:5      | Reached * piety under Okawaru
  3075 | D:5      | Reached XP level 7. HP: 66/71 MP: 6/6
  3426 | D:5      | Reached skill level 5 in Fighting
  4000 | D:6      | Found Zin's Purification Station.
  4003 | D:6      | Found a glowing silver altar of Zin.
  4006 | D:6      | Bought a potion of curing for 90 gold pieces
  4120 | D:6      | Reached ** piety under Okawaru
  4120 | D:6      | Reached XP level 8. HP: 47/83 MP: 7/7
  4637 | D:7      | Upgraded the game from 0.24-a0-355-gbe4061de67 to
                  | 0.25-a0-35-g747a2b3c0c
  4813 | D:7      | Noticed a hippogriff
  4820 | D:7      | Killed a hippogriff
  4820 | D:7      | Reached skill level 1 in Invocations
  4824 | D:7      | Found an ornate altar of the Wu Jian Council.
  4863 | D:7      | Reached skill level 1 in Evocations
  4994 | D:7      | Found a staircase to the Ecumenical Temple.
  5113 | D:7      | Noticed Menkaure
  5124 | D:7      | Killed Menkaure
  5486 | D:8      | Reached *** piety under Okawaru
  5497 | D:8      | Reached XP level 9. HP: 92/92 MP: 9/9
  5834 | D:8      | Noticed Grum
  5898 | D:8      | Killed Grum
  6066 | D:8      | Reached **** piety under Okawaru
  6437 | D:8      | Found a shadowy altar of Dithmenos.
  6534 | D:8      | Noticed a troll
  6534 | D:8      | Noticed a five-headed hydra
  6544 | D:8      | Killed a troll
  6748 | D:9      | Reached XP level 10. HP: 100/104 MP: 12/12
  6789 | D:9      | Learned a level 2 spell: Song of Slaying
  6793 | D:9      | Learned a level 3 spell: Regeneration
  6911 | D:9      | Noticed Prince Ribbit
  6929 | D:9      | Killed Prince Ribbit
  7079 | D:9      | Found a staircase to the Lair.
  7094 | D:9      | Reached skill level 1 in Armour
  7146 | D:10     | Entered Level 10 of the Dungeon
  7241 | D:10     | Reached ***** piety under Okawaru
  7455 | D:10     | Received a gift from Okawaru
  7457 | D:10     | Got a brightly glowing cloak {god gift}
  7552 | D:10     | Identified the +0 cloak of Lesser Demons {rN++} (Okawaru
                  | gifted it to you on level 10 of the Dungeon)
  7577 | D:10     | Found a staircase to the Orcish Mines.
  7634 | D:10     | Noticed Josephine
  7645 | D:10     | Killed Josephine
  7645 | D:10     | Reached XP level 11. HP: 105/115 MP: 10/13
  8031 | Lair:1   | Entered Level 1 of the Lair of Beasts
  8090 | Lair:1   | Reached skill level 5 in Evocations
  8219 | Lair:1   | Reached skill level 5 in Invocations
  8291 | Lair:1   | Noticed a five-headed hydra
  8305 | Lair:1   | Killed a five-headed hydra
  9007 | Lair:2   | Noticed Gastronok
  9049 | Lair:2   | Killed Gastronok
  9097 | Lair:2   | Reached skill level 10 in Fighting
  9139 | Lair:2   | Noticed a five-headed hydra
  9158 | Lair:2   | Killed a six-headed hydra
  9431 | Lair:2   | Reached XP level 12. HP: 116/126 MP: 16/16
  9882 | Lair:3   | Found a gate leading to a gauntlet.
  9891 | Gauntlet | Entered a Gauntlet
  9891 | Gauntlet | Found a transporter.
  9898 | Gauntlet | Found a transporter.
  9900 | Gauntlet | Found a transporter.
  9909 | Gauntlet | Found a transporter.
  9911 | Gauntlet | Found a transporter.
  9915 | Gauntlet | Found a runed translucent door.
  9916 | Gauntlet | Found a runed translucent door.
  9919 | Gauntlet | Found a transporter.
  9935 | Gauntlet | Found a transporter.
  9945 | Gauntlet | Found a transporter.
  9954 | Gauntlet | Found a runed translucent gate.
  9955 | Gauntlet | Found a transporter.
  9955 | Gauntlet | Found a runed translucent gate.
  9956 | Gauntlet | Found a runed translucent gate.
  9971 | Gauntlet | Found a transporter.
  9983 | Gauntlet | Found a runed translucent door.
  9984 | Gauntlet | Found a transporter.
  9984 | Gauntlet | Found a transporter.
  9986 | Gauntlet | Found a runed translucent door.
 10027 | Gauntlet | Found a transporter.
 10041 | Gauntlet | Found a transporter.
 10298 | Gauntlet | Reached skill level 10 in Unarmed Combat
 10309 | Gauntlet | Got a scintillating pewter ring
 10391 | Gauntlet | Noticed a minotaur
 10406 | Gauntlet | Killed a minotaur
 10685 | Lair:3   | Found a glowing silver altar of Zin.
 10714 | Lair:3   | Reached ****** piety under Okawaru
 10809 | Lair:3   | Found a staircase to the Snake Pit.
 10819 | Lair:3   | Reached skill level 5 in Dodging
 10850 | Lair:3   | Received a gift from Okawaru
 10850 | Lair:3   | Reached skill level 1 in Necromancy
 10872 | Lair:3   | Identified the ring of Democracy {MP+9 Str+3 Dex-2} (You
                  | found it in a Gauntlet)
 11037 | Lair:3   | Reached skill level 1 in Charms
 11412 | Lair:3   | You fall into a shaft and drop 3 floors!
 11412 | Lair:6   | Entered Level 6 of the Lair of Beasts
 11490 | Lair:6   | Noticed a death yak
 11511 | Lair:6   | Killed a death yak
 11514 | Lair:6   | Reached skill level 1 in Spellcasting
 11638 | Lair:5   | Found a staircase to the Slime Pits.
 11638 | Lair:5   | Found a viscous altar of Jiyva.
 11676 | Lair:5   | Got a wizard robe
 11679 | Lair:5   | Identified the +0 robe of the Swamp {Int+5} (You found it
                  | on level 5 of the Lair of Beasts)
 12096 | Lair:4   | Noticed a seven-headed hydra
 12096 | Lair:4   | Noticed a four-headed hydra
 12099 | Lair:4   | Received a gift from Okawaru
 12107 | Lair:4   | Killed a seven-headed hydra
 12108 | Lair:4   | Killed a four-headed hydra
 12108 | Lair:4   | Reached XP level 13. HP: 133/133 MP: 18/18
 12116 | Lair:4   | Found a staircase to the Shoals.
 12311 | Lair:4   | Found a bloodstained altar of Trog.
 12766 | Lair:5   | Reached skill level 5 in Armour
 13047 | Lair:5   | Received a gift from Okawaru
 13055 | Lair:5   | Learned a level 4 spell: Petrify
 13058 | Lair:5   | Learned a level 2 spell: Shroud of Golubria
 14560 | Lair:6   | Reached skill level 1 in Slings
 14947 | Lair:6   | Received a gift from Okawaru
 15001 | Lair:6   | Noticed a dire elephant
 15013 | Lair:6   | Killed a dire elephant
 15261 | Orc:1    | Entered Level 1 of the Orcish Mines
 15620 | Orc:2    | Entered Level 2 of the Orcish Mines
 15820 | Orc:2    | Noticed Azrael
 15835 | Orc:2    | Killed Azrael
 15876 | Orc:2    | Reached skill level 5 in Necromancy
 15886 | Orc:2    | Paralysed by an orc sorcerer for 5 turns
 16184 | Orc:2    | Reached XP level 14. HP: 85/143 MP: 20/20
 16534 | Orc:2    | Paralysed by an orc sorcerer for 6 turns
 17054 | Orc:2    | Found a staircase to the Elven Halls.
 17412 | Orc:2    | Received a gift from Okawaru
 17475 | Orc:2    | Found Buypus's General Store.
 17475 | Orc:2    | Found Dubenn's Magic Scroll Shop.
 17574 | Orc:2    | Found a roughly hewn altar of Beogh.
 17858 | Orc:2    | Found Jenumis's Food Shoppe.
 17858 | Orc:2    | Found Suot's Armour Shop.
 18336 | Orc:2    | Bought a scroll of acquirement for 832 gold pieces
 18352 | Orc:2    | Bought a scroll of teleportation for 39 gold pieces
 18352 | Orc:2    | Bought a scroll of enchant armour for 97 gold pieces
 18579 | D:11     | Reached skill level 1 in Shields
 18659 | D:11     | Found a flagged portal.
 18857 | D:11     | Reached skill level 2 in Shields
 18888 | Bailey   | Entered a bailey
 19249 | Bailey   | Found a roughly hewn altar of Beogh.
 19845 | D:12     | Reached skill level 3 in Shields
 20136 | D:12     | Reached skill level 4 in Shields
 20250 | D:12     | Received a gift from Okawaru
 20251 | D:12     | Got an iridescent fustibalus {god gift}
 20258 | D:12     | Reached skill level 5 in Shields
 20417 | D:12     | Identified the +4 fustibalus of Uxaiserch {flame, +Blink
                  | rPois rC+ MP+9} (Okawaru gifted it to you on level 12 of
                  | the Dungeon)
 20760 | D:12     | Reached skill level 6 in Shields
 21025 | D:12     | Reached skill level 7 in Shields
 21064 | D:12     | Found a portal to a secret trove of treasure.
 21703 | D:13     | Found a runed translucent door.
 21708 | D:13     | Noticed MisterOstroum's ghost (journeyman TrGl)
 21814 | D:13     | Reached skill level 8 in Shields
 22145 | D:13     | Reached skill level 9 in Shields
 22477 | D:13     | Received a gift from Okawaru
 22690 | D:13     | Reached skill level 10 in Shields
 22989 | D:14     | Noticed Frances
 23004 | D:14     | Killed Frances
 23042 | D:14     | Noticed a reaper
 23042 | D:14     | Noticed a reaper
 23042 | D:14     | Noticed a reaper
 23042 | D:14     | Noticed a reaper
 23042 | D:14     | Noticed a reaper
 23058 | D:14     | Reached XP level 15. HP: 124/149 MP: 21/21
 23062 | D:14     | Reached skill level 11 in Shields
 23215 | D:14     | Received a gift from Okawaru
 23383 | D:14     | Found a gate to the Vaults.
 23463 | D:14     | Reached skill level 12 in Shields
 23613 | D:14     | Found Peyla's Antique Weapon Shop.
 24575 | D:15     | Entered Level 15 of the Dungeon
 24824 | D:15     | Found a frozen archway.
 24851 | IceCv    | Entered an ice cave
 24893 | IceCv    | Reached skill level 13 in Shields
 25233 | IceCv    | Found an ancient bone altar of Kikubaaqudgha.
 25867 | D:15     | Found a staircase to the Depths.
 25868 | D:15     | Noticed a fire giant
 25900 | D:15     | Killed a fire giant
 26258 | D:15     | Reached skill level 5 in Throwing
 26878 | D:15     | Learned a level 1 spell: Apportation
 26883 | D:15     | Learned a level 4 spell: Ice Form
 27185 | Snake:1  | Entered Level 1 of the Snake Pit
 27221 | Lair:3   | Received a gift from Okawaru
 27649 | Snake:1  | Noticed Nikola
 27674 | Snake:1  | Killed Nikola
 27674 | Snake:1  | Received a gift from Okawaru
 27674 | Snake:1  | Reached XP level 16. HP: 102/159 MP: 22/22
 27705 | Snake:1  | Noticed Donald
 27907 | Snake:1  | Killed Donald
 27907 | Snake:1  | Reached skill level 5 in Slings
 28183 | Snake:1  | Received a gift from Okawaru
 28485 | Snake:1  | Found Keho's Gadget Boutique.
 28494 | Snake:1  | Bought a wand of acid (12) for 480 gold pieces
 29848 | Snake:3  | HP: 7/162 [shock serpent/bolt of electricity (19)]
 29856 | Snake:2  | Killed from afar by a shock serpent

Levels and vault maps discovered:
D:1:      minmay_arrival_four_circles, layout_rooms, minmay_pentomino_v2
D:2:      layout_loops_ring, lemuel_zombie_altar_yredelemnul,
          lemuel_crystal_altar, dancing_weapons_uskayaw, first_ration,
          uniq_jessica
D:3:      layout_rooms, lemuel_doored_altar, evilmike_ruin_ashenzari,
          lemuel_crystal_altar, uniq_terence
D:4:      layout_rooms, grunt_temple_overflow_growth_and_decay,
          makhleb_altar_promises_db, grunt_qazlal_clouds, uniq_ijyb, uniq_robin
D:5:      layout_loops_ring, saegor_snake_ambush
D:6:      layout_loops_ring, zin_purify
D:7:      layout_loops_cross, lemuel_crystal_altar,
          minmay_temple_entry_glassed_door, uniq_menkaure
D:8:      layout_loops_ring, grunt_dithmenos_smoke_and_mirrors, serial_bayou,
          serial_bayou_pond_b, serial_bayou_ford_a, serial_bayou_lagoon_a,
          serial_bayou_pond_a, uniq_grum
D:9:      layout_cave_pools, david_lair_shrubbed, uniq_prince_ribbit1
D:10:     layout_roguey, erik_orc_4, uniq_josephine
D:11:     layout_basic, enter_bailey_8
D:12:     layout_stronghold, enter_trove_3
D:13:     layout_grid_maze, ebering_ghost_inner_flame
D:14:     layout_layer_cave, skrybe_vaults_entry_preservation, serial_shops,
          kennysheep_mini, grunt_pizzeria, hangedman_decor_slide_cut,
          minmay_guarded_unrand_curses, uniq_frances
D:15:     grunt_enter_depths_giant_problem, layout_basic,
          chequers_serial_rivers_micro_d, portal_ice_cave_demonic_guard,
          minmay_orc_keep
Lair:1:   layout_small_grid, minivault_11, chequers_serial_rivers_micro_c
Lair:2:   layout_chaotic_city, lemuel_fruit_fields, uniq_gastronok
Lair:3:   layout_cave_pods, minmay_snake_entry_six_corridors, basic_altar,
          gauntlet_entry_generic, chequers_serial_rivers_micro_a,
          kennysheep_catoblepas_arena, serial_bayou_shore_b
Lair:4:   layout_cave_shapes, shoals_dummy_entry, basic_altar,
          serial_bayou_shore_a
Lair:5:   layout_cave_pods, slime_altar_1, infiniplex_staircase_pool,
          grunt_megastairs_1
Lair:6:   grunt_lair_end_beastmaster, layout_hall_layers, grunt_megastairs_5
Snake:1:  layout_rooms, serial_shops, shop, uniq_donald, uniq_nikola
Snake:2:  layout_misc_corridors, serial_bayou_shore_b
Snake:3:  layout_onion_interference, hangedman_corner_corridor
Orc:1:    layout_caves
Orc:2:    st_orc_town, layout_diamond_mine, uniq_azrael

Skill      XL: |  1  2  3  4  5  6  7  8  9 10 11 12 13 14 15 16 |
---------------+-------------------------------------------------+-----
Throwing       | 2 4 6 8 |  8.2
Fighting       | 2 3 4 5 6 8 9 10 11 | 11.1
Unarmed Combat | 4 5 7 8 9 10 | 10.3
Invocations    | 2 4 6 8 9 |  9.7
Evocations     | 1 3 4 5 6 |  6.9
Dodging        | 4 5 6 |  6.2
Armour         | 3 4 5 |  5.7
Necromancy     | 3 5 |  5.1
Charms         | 2 4 |  4.0
Spellcasting   | 1 2 |  2.6
Slings         | 2 3 4 6 |  6.0
Shields        | 10 13 | 13.8
Translocations | |  0.5

Action                   |  1- 3 |  4- 6 |  7- 9 | 10-12 | 13-15 | 16-18 || total
-------------------------+-------+-------+-------+-------+-------+-------++-------
Melee: Unarmed           |    53 |   177 |   235 |   463 |  1240 |   230 ||  2398
       Punch             |     1 |     5 |     9 |    35 |    42 |       ||    92
       Short sword       |       |       |       |       |     4 |       ||     4
       Fustibalus        |       |       |       |       |     1 |       ||     1
 Fire: Hunting sling     |       |       |       |       |   184 |       ||   184
       Fustibalus        |       |       |       |       |   656 |   211 ||   867
Throw: Stone             |    60 |   149 |   107 |   212 |   181 |       ||   709
       Dart              |    12 |    11 |    41 |    22 |       |       ||    86
       Throwing net      |       |     1 |     1 |       |       |       ||     2
       Javelin           |       |       |    13 |    20 |     1 |       ||    34
       Boomerang         |       |       |       |    28 |       |       ||    28
       Large rock        |       |       |       |       |       |     2 ||     2
 Cast: Regeneration      |       |       |       |       |    26 |    18 ||    44
       Song of Slaying   |       |       |       |       |     2 |       ||     2
       Shroud of Golubri |       |       |       |       |     1 |       ||     1
Invok: Heroism           |       |       |     7 |    19 |    41 |     9 ||    76
       Finesse           |       |       |       |     2 |     2 |       ||     4
 Abil: Evoke Blink       |       |       |       |       |     7 |     3 ||    10
Evoke: Wand              |       |       |     3 |     9 |    24 |    10 ||    46
  Use: Scroll            |       |       |     8 |    14 |    11 |       ||    33
       Potion            |       |       |       |     1 |     4 |     2 ||     7
 Stab: Paralysed         |       |       |     5 |       |     2 |     2 ||     9
       Sleeping          |       |       |       |       |     1 |       ||     1
  Eat: Chunk             |    15 |    17 |    41 |    47 |   138 |    20 ||   278
       Ration            |       |       |       |       |     2 |     1 ||     3
Armor: Robe              |    31 |    44 |    29 |       |       |       ||   104
       Troll leather arm |       |       |     6 |    53 |       |       ||    59
       Steam dragon scal |       |       |       |    39 |   265 |       ||   304
       Acid dragon scale |       |       |       |       |    86 |    35 ||   121
Dodge: Dodged            |    34 |    64 |   106 |   319 |   911 |   100 ||  1534
       Deflected         |       |       |     5 |       |       |       ||     5
Block: Large shield      |       |       |       |       |  1056 |   345 ||  1401

Table legend:
 A = Non-vault XP
 B = Vault XP
 C = Vault XP percentage of total XP
 D = Non-vault monster count
 E = Vault monster count
 F = Vault count percentage of total count
                 A         B        C        D         E       F
            +---------+---------+-------+---------+---------+-------
      Total |  138395 |   59014 |  29.9 |     686 |     285 |  29.4
            +---------+---------+-------+---------+---------+-------
        D:1 |      11 |       3 |  21.4 |       7 |       2 |  22.2
        D:2 |      75 |      40 |  34.8 |      27 |       3 |  10.0
        D:3 |      75 |      36 |  32.4 |      27 |       1 |   3.6
        D:4 |     261 |      57 |  17.9 |      23 |      13 |  36.1
        D:5 |     681 |      29 |   4.1 |      18 |       4 |  18.2
        D:6 |     334 |       0 |   0.0 |       8 |       0 |   0.0
        D:7 |     631 |     172 |  21.4 |      13 |       1 |   7.1
        D:8 |    1708 |    1054 |  38.2 |      30 |       8 |  21.1
        D:9 |    1299 |     642 |  33.1 |      18 |       2 |  10.0
       D:10 |    3138 |    2461 |  44.0 |      36 |      22 |  37.9
       D:11 |    5173 |       0 |   0.0 |      37 |       0 |   0.0
       D:12 |    8866 |       0 |   0.0 |      34 |       0 |   0.0
       D:13 |   10627 |       0 |   0.0 |      49 |       0 |   0.0
       D:14 |    8245 |    7376 |  47.2 |      26 |      19 |  42.2
       D:15 |   17742 |    3659 |  17.1 |      51 |      12 |  19.0
     Lair:1 |    4098 |       0 |   0.0 |      14 |       0 |   0.0
     Lair:2 |    3353 |    2234 |  40.0 |      14 |       1 |   6.7
     Lair:3 |    7372 |    2130 |  22.4 |      19 |      13 |  40.6
     Lair:4 |    4127 |       0 |   0.0 |      14 |       0 |   0.0
     Lair:5 |    6235 |    1377 |  18.1 |      15 |       3 |  16.7
     Lair:6 |    5368 |   10799 |  66.8 |      21 |      21 |  50.0
    Snake:1 |   19857 |    6059 |  23.4 |      40 |       2 |   4.8
    Snake:2 |   21747 |       0 |   0.0 |      35 |       0 |   0.0
    Snake:3 |    2580 |       0 |   0.0 |       5 |       0 |   0.0
      Orc:1 |    1083 |       0 |   0.0 |      22 |       0 |   0.0
      Orc:2 |    3709 |    9481 |  71.9 |      83 |      66 |  44.3
     Bailey |       0 |    2018 | 100.0 |       0 |      26 | 100.0
      IceCv |       0 |    6250 | 100.0 |       0 |      54 | 100.0
   Gauntlet |       0 |    3137 | 100.0 |       0 |      12 | 100.0
            +---------+---------+-------+---------+---------+-------
